 Dungeon Crawl Stone Soup version 0.29-a0-823-gc37b1572da (webtiles) character file.

Game seed: 3202937034721998697

435 jjjjhere the Cudgeller (level 6, -25/56 HPs)
             Began as a Meteoran Fighter on July 9, 2022.
             Was a Follower of Ru.
             Annihilated by an ogre
             ... wielding a +0 giant club
              (27 damage)
             ... on level 4 of the Dungeon.
             The game lasted 00:08:23 (2031 turns).

jjjjhere the Cudgeller (Meteoran Fighter)           Turns: 2031, Time: 00:08:24

Health: -25/56     AC:  9    Str: 17    XL:     6   Next: 45%
Magic:  7/7        EV:  9    Int: 10    God:    Ru [*.....]
Gold:   111        SH:  5    Dex: 16    Spells: 5/5 levels left

rFire   . . .      SeeInvis .   a - +1 flail
rCold   . . .      Faith    .   c - +0 buckler
rNeg    . . .      Spirit   .   b - +0 scale mail
rPois   .          Reflect  .   (no helmet)
rElec   .          Harm     .   g - +0 cloak
rCorr   .          Rampage  .   (no gloves)
Will    .....                   o - +0 pair of boots
Stlth   ..........              (no amulet)
HPRegen 0.18/turn               (no ring)
MPRegen 0.10/turn               (no ring)

@: glowing
A: sense surroundings 1, inexperienced 1, otherworldly, glowing, explore regen
a: Renounce Religion


You were on level 4 of the Dungeon.
You worshipped Ru.
Ru was aware of your devotion.
You visited 1 branch of the dungeon, and saw 4 of its levels.

You collected 111 gold pieces.

Inventory:

Hand Weapons
 a - a +1 flail (weapon)
Armour
 b - a +0 scale mail (worn)
 c - a +0 buckler (worn)
 g - a +0 cloak (worn)
 o - a +0 pair of boots (worn)
Scrolls
 d - a scroll of enchant armour {unknown}
 h - a scroll of brand weapon {unknown}
Potions
 e - 4 potions of flight
 k - a potion of curing
 n - a potion of invisibility {unknown}


   Skills:
 + Level 5.0 Fighting
 * Level 7.1 Maces & Flails
 - Level 3.6 Armour
 + Level 5.3 Shields


You had 5 spell levels left.
You didn't know any spells.
Your spell library was empty.

Dungeon Overview and Level Annotations

Branches:
Dungeon (4/15) Zot: 337
 Temple: D:4-7

Altars:
Ru


Innate Abilities, Weirdness & Mutations

You passively map a small area around you.
You are somewhat inexperienced. (-1 XL)
You are easily found by Zot.
You glow in the dark.
You regain HP and MP as you explore.


Message History

The hobgoblin hits you but does no damage.
You hit the hobgoblin.
The hobgoblin is severely wounded.
The hobgoblin hits you but does no damage.
You hit the hobgoblin.
You kill the hobgoblin!
You see here a hobgoblin corpse.
You enter the shallow water.
Moving in this stuff is going to be slow.
An ogre comes into view. It is wielding a +0 giant club.
The ogre shouts!
A goblin comes into view. It is wielding a +0 dagger.
Found a stone staircase leading down.
The ogre barely misses you.
You hit the ogre.
The ogre is moderately wounded.
The goblin barely misses you.
You hit the ogre but do no damage.
The ogre is moderately wounded.
The ogre hits you with a +0 giant club!!
You block the goblin's attack.
You barely miss the ogre.
The ogre is moderately wounded.
The goblin hits you but does no damage.
The ogre hits you with a +0 giant club!!
* * * LOW HITPOINT WARNING * * *
You closely miss the ogre.
The ogre is moderately wounded.
You block the goblin's attack.
The ogre is stunned by your conviction and fails to attack.
You hit the ogre.
The ogre is heavily wounded.
The goblin closely misses you. The ogre hits you with a +0 giant club!
* * * LOW HITPOINT WARNING * * *
You hit the ogre.
The ogre is severely wounded.
The goblin hits you but does no damage.
You sock the ogre!
The ogre is almost dead.
The ogre hits you with a +0 giant club!!
You die...

.. , .# ,#.#. ...♣≈≈ .#
.. #.#.#####...≈≈≈
........##............P
##...................##♣
##..P..P..♣.............
##.♣≈≈≈≈≈.≈≈...........>
,,,
##♣≈≈≈≈≈≈≈≈≈.....g......
,
##.≈≈.≈≈≈≈♣≈≈P..@O......
##P≈≈≈≈≈≈≈≈.≈.+##.......
≈ ..).≈≈.≈≈≈≈≈..#
....... #..†P≈≈≈≈≈≈≈♣##
##.###♣ #.....P..P♣..#
.# ############## ,♣ * ,
, ≈ * *


You could see an ogre and a goblin.

Vanquished Creatures
  Sigmund (D:2)
  An ogre (D:3)
  An orc priest (D:3)
  An iguana (D:3)
  An orc wizard (D:3)
  3 gnolls
  An adder (D:3)
  7 orcs (D:3)
  3 endoplasms (D:1)
  9 goblins
  12 hobgoblins
  2 jackals (D:3)
  A quokka (D:3)
  4 ball pythons
  3 bats
  6 frilled lizards
  8 kobolds
  6 rats
70 creatures vanquished.

Vanquished Creatures (others)
  A rat (D:2)
  4 plants (D:3)
5 creatures vanquished.

Grand Total: 75 creatures vanquished

Notes
Turn   | Place    | Note
-------+----------+-------------------------------------------
     0 | D:1      | jjjjhere the Meteoran Fighter began the quest for the Orb.
     0 | D:1      | Reached XP level 1. HP: 19/19 MP: 2/2
   126 | D:1      | Reached skill level 3 in Maces & Flails
   176 | D:1      | Reached XP level 2. HP: 12/26 MP: 3/3
   411 | D:1      | Reached XP level 3. HP: 21/31 MP: 4/4
   428 | D:1      | Found a faded altar of an unknown god.
   437 | D:1      | Prayed at the altar of an unknown god.
   437 | D:1      | Became a worshipper of Ru the Awakened
   444 | D:1      | Gained mutation: You are somewhat inexperienced. (-1 XL)
                  | [Ru sacrifice]
   444 | D:1      | Reached XP level 2. HP: 27/27 MP: 3/3
   444 | D:1      | Reached * piety under Ru
   482 | D:1      | Glimpsed the power of Zot.
   531 | D:1      | Glimpsed the power of Zot.
   551 | D:2      | Reached skill level 4 in Maces & Flails
   665 | D:2      | Noticed Sigmund
   695 | D:2      | HP: 4/27 [Sigmund/puff of flame (9)]
   726 | D:2      | HP: 8/27 [something (1)]
   737 | D:2      | HP: 2/27 [something (8)]
   743 | D:2      | HP: 2/27 [something/magic dart (2)]
   751 | D:2      | Killed Sigmund
   752 | D:2      | Reached skill level 5 in Maces & Flails
   752 | D:2      | Reached XP level 3. HP: 25/34 MP: 4/4
   752 | D:2      | Reached XP level 4. HP: 30/41 MP: 5/5
   752 | D:2      | Reached XP level 5. HP: 34/47 MP: 6/6
   929 | D:2      | HP: 9/47 [gnoll/+0 flail (7)]
   932 | D:2      | Reached skill level 6 in Maces & Flails
  1281 | D:3      | HP: 14/47 [orc priest/divine providence (9)]
  1284 | D:3      | HP: 6/47 [something (3)]
  1301 | D:4      | Noticed an ogre
  1330 | D:3      | Reached skill level 5 in Shields
  1372 | D:3      | Reached XP level 6. HP: 53/53 MP: 7/7
  1538 | D:3      | HP: 13/55 [ogre/+0 giant spiked club (25)]
  1626 | D:3      | HP: 4/55 [ogre/+0 giant spiked club (21)]
  1632 | D:3      | Reached skill level 5 in Fighting
  1632 | D:3      | Reached skill level 7 in Maces & Flails
  2027 | D:4      | HP: 15/56 [ogre/+0 giant club (19)]
  2029 | D:4      | HP: 1/56 [ogre/+0 giant club (14)]
  2031 | D:4      | Annihilated by an ogre

Illustrated notes

Levels and vault maps discovered:
D:1:      dpeg_cavernosity, layout_loops_ring,
          shapermc_ecumenical_altar_starsandcircs
D:2:      layout_loops_ring, uniq_sigmund
D:3:      cheibrodos_old_hovel, layout_rooms, chequers_arboretum
D:4:      layout_basic, serial_shops, shop, serial_bayou, serial_bayou_crossing,
          serial_bayou_pond_b, serial_bayou_lake_a, serial_bayou_ford_a,
          serial_bayou_lagoon_b, minivault_19, minmay_goblin_kobold_house

Skill      XL: |  1  2  3  4  5  6 |
---------------+-------------------+-----
Maces & Flails | 3 5 6 7 |  7.1
Fighting       | 4 5 |  5.0
Shields        | 4 5 |  5.3
Armour         | |  3.6

Action                   |  1- 3 |  4- 6 || total
-------------------------+-------+-------++-------
Melee: Flail             |    93 |   125 ||   218
Throw: Throwing net      |       |     2 ||     2
Invok: Sacrifice Experie |     1 |       ||     1
Evoke: Wand              |     1 |     1 ||     2
  Use: Potion            |     2 |     3 ||     5
       Scroll            |       |     7 ||     7
 Stab: Held in net/web   |       |     3 ||     3
Armor: Scale mail        |    65 |    54 ||   119
Dodge: Dodged            |    40 |    57 ||    97
Block: Buckler           |    37 |    36 ||    73

Table legend: (Time is in decaauts)
 A = Elapsed time spent in this place.
 B = Non-inter-level travel time spent in this place.
 C = Inter-level travel time spent in this place.
 D = Time resting spent in this place.
 E = Time spent auto-exploring this place.
 F = Levels seen in this place.
 G = Mean time per level.
                   A        B        C        D        E       F      G
               +--------+--------+--------+--------+--------+-----+--------+
         Total |   2061 |   2024 |     37 |    513 |    302 |   4 |  515.2 |
       Dungeon |   2061 |   2024 |     37 |    513 |    302 |   4 |  515.2 |
               +--------+--------+--------+--------+--------+-----+--------+

Top non-repeatable levels by time:
     D:3: 839 daAuts
     D:2: 571 daAuts
     D:1: 559 daAuts
     D:4: 91 daAuts
